 Dungeon Crawl Stone Soup version 0.29.1-4-g47bece8355 (webtiles) character file.

Game seed: 1465912881947767893

162 mester the Conjurer (level 5, 0/38 HPs)
             Began as a Draconian Conjurer on Dec 2, 2022.
             Succumbed to a scorpion's poison
             ... on level 3 of the Dungeon.
             The game lasted 00:22:10 (4757 turns).

mester the Conjurer (Draconian Conjurer)            Turns: 4757, Time: 00:22:11

Health: 0/38       AC:  5    Str:  9    XL:     5   Next: 19%
Magic:  1/9        EV: 12    Int: 20    God:
Gold:   89         SH:  0    Dex: 10    Spells: 5/10 levels left

rFire   + . .      SeeInvis .   d - +0 dagger
rCold   + . .      Faith    .   (no shield)
rNeg    . . .      Spirit   +   (body armour unavailable)
rPois   +          Reflect  .   (helmet restricted)
rElec   +          Harm     .   (no cloak)
rCorr   +          Rampage  .   (no gloves)
Will    .....                   (no boots)
Stlth   ++........              b - amulet of guardian spirit
HPRegen 0.12/turn               j - ring of flight
MPRegen 0.11/turn               (no ring)

@: lethally poisoned (0 -> -2), resistant, attractive, flying
A: AC +5, unfitting armour, cold-blooded, no potion heal 1, noise suppression
a: no special abilities


You were on level 3 of the Dungeon.
You visited 1 branch of the dungeon, and saw 3 of its levels.

You collected 89 gold pieces.

Inventory:

Hand Weapons
 d - a +0 dagger (weapon)
 f - a +0 dagger
 g - a +0 dagger
 k - a +0 dagger
Missiles
 h - 12 stones
 x - 6 poisoned darts
Armour
 v - a +0 buckler
Jewellery
 b - an amulet of guardian spirit (around neck)
 j - a ring of flight (left hand)
 o - an amulet of faith
Scrolls
 e - a scroll of enchant armour {unknown}
 i - 3 scrolls of identify
 l - a scroll of magic mapping {unknown}
 p - a scroll of butterflies {unknown}
 q - 2 scrolls of teleportation {unknown}
 r - a scroll of noise {unknown}
 t - 2 scrolls of enchant weapon {unknown}
 w - a scroll of fear {unknown}
Potions
 a - a potion of magic
 u - a potion of invisibility {unknown}
 z - a potion of lignification {unknown}
 A - a potion of mutation


   Skills:
 + Level 0.3 Fighting
 + Level 2.5 Dodging
 + Level 1.9 Stealth
 + Level 3.1 Spellcasting
 + Level 5.3 Conjurations


You had 5 spell levels left.
You knew the following spells:

 Your Spells              Type           Power      Damage    Failure   Level
a - Magic Dart            Conj           96%        1d7       1%          1
b - Fulminant Prism       Conj/Hex       7%         3d7       41%         4

Your spell library contained the following spells:

 Spells                   Type           Power      Damage    Failure   Level
 Searing Ray              Conj           48%        2d6       2%          2
 Beastly Appendage        Tmut           6%         N/A       14%         1
 Dazzling Flash           Conj/Hex       28%        N/A       14%         3
 Wereblood                Tmut           3%         N/A       22%         2
 Confusing Touch          Hex            3%         N/A       38%         3
 Spider Form              Tmut/Pois      3%         N/A       38%         3
 Iskenderun's Mystic Bla  Conj/Tloc      13%        2d5       43%         4
 Yara's Violent Unravell  Hex/Tmut       1%         3d3       98%         5
 Enfeeble                 Hex            1%         N/A       100%        7


Dungeon Overview and Level Annotations

Branches:
Dungeon (3/15)

Altars:


Innate Abilities, Weirdness & Mutations

Your plain brown scales are hard. (AC +5)
You cannot fit into any form of body armour.
You are cold-blooded and may be slowed by cold attacks.
Potions are less effective at restoring your health.
You passively dampen the noise of your surroundings.


Message History

The scorpion is severely wounded.
You feel sick. The scorpion closely misses you.
Casting: Magic Dart (safe; 1% risk of failure)
Confirm with . or Enter, or press ? or * to list all spells.
Aiming: Magic Dart (safe; 1% risk of failure)
Press: ? - help, Shift-Dir - straight line, f/p - scorpion
Aim: a scorpion (severely wounded, 100% to hit)
The magic dart hits the scorpion.
The scorpion is almost dead.
You feel sick.
You are no longer poisoned.
The scorpion barely misses you. The scorpion stings you.
* * * LOW HITPOINT WARNING * * *
You are lethally poisoned!
The scorpion poisons you!
Casting: Magic Dart (safe; 1% risk of failure)
Confirm with . or Enter, or press ? or * to list all spells.
Aiming: Magic Dart (safe; 1% risk of failure)
Press: ? - help, Shift-Dir - straight line, f/p - scorpion
Aim: a scorpion (almost dead, 100% to hit)
The magic dart hits the scorpion.
You kill the scorpion!
* * * LOW HITPOINT WARNING * * *
You feel sick.
You have reached level 5!
* * * LOW HITPOINT WARNING * * *
You feel sick.
* * * LOW HITPOINT WARNING * * *
You feel sick.
* * * LOW HITPOINT WARNING * * *
You feel sick.
Okay, then.
There is a lethal amount of poison in your body!
It was a potion of attraction.
You feel attractive to monsters.
* * * LOW HITPOINT WARNING * * *
You feel sick.
It was a potion of resistance.
You feel protected.
You die...

## #.# #.# ###.#.# #.# ##'## #.#
#.. #.# .# ##..)## #.# #.# #.# ##
##.....## #.###.# #.# #
##.......###.##..###.#
############.........##.........#
...........'.........'........###
##......####.........####......#
#.#.#..# ##...@...## ##.#....#
#.#.##[# ##.....## #.###....
#.#.##.# ##...## #.# ##...
#.#.##.# ##'## ## ... #.#.##.#
#.# ..# #......# #.# .## ###.#
###.##### #.# #.......### #.#
#........<#


There were no monsters in sight!

Vanquished Creatures
  A scorpion (D:3)
  An iguana (D:2)
  An adder (D:2)
  2 worms (D:2)
  2 dart slugs (D:2)
  5 bats
  4 endoplasms
  A giant cockroach (D:2)
  5 goblins
  5 hobgoblins
  6 jackals (D:2)
  3 quokkas
  6 ball pythons
  5 frilled lizards
  2 kobolds (D:1)
  4 rats
53 creatures vanquished.

Vanquished Creatures (others)
  A plant (D:1)
1 creature vanquished.

Grand Total: 54 creatures vanquished

Notes
Turn   | Place    | Note
-------+----------+-------------------------------------------
     0 | D:1      | mester the Draconian Conjurer began the quest for the Orb.
     0 | D:1      | Reached XP level 1. HP: 14/14 MP: 3/3
   529 | D:1      | Found a faded altar of an unknown god.
   582 | D:1      | Reached XP level 2. HP: 20/20 MP: 3/5
  1775 | D:2      | Reached XP level 3. HP: 26/26 MP: 2/6
  3434 | D:2      | Reached XP level 4. HP: 31/33 MP: 3/8
  3441 | D:2      | Learned a level 4 spell: Fulminant Prism
  4214 | D:2      | Reached skill level 5 in Conjurations
  4603 | D:3      | Gained mutation: Potions are less effective at restoring
                  | your health. [potion of mutation]
  4603 | D:3      | Gained mutation: You passively dampen the noise of your
                  | surroundings. [potion of mutation]
  4694 | D:3      | Noticed a scorpion
  4752 | D:3      | Killed a scorpion
  4753 | D:3      | Reached XP level 5. HP: 5/38 MP: 1/9
  4756 | D:3      | HP: 1/38 [poisoned by a scorpion]
  4757 | D:3      | Succumbed to a scorpion's poison

Illustrated notes

Levels and vault maps discovered:
D:1:      nagdon_arrival_double_spiral, layout_basic,
          hellmonk_ecumenical_altar_inner_sanctum,
          chequers_serial_rivers_micro_e, serial_bayou_pond_e, bh_walls_and_bars
D:2:      layout_basic, moated_statue
D:3:      layout_loops_corners, nicolae_ru_the_path_less_chosen, uniq_sigmund

Skill      XL: |  1  2  3  4 |
---------------+-------------+-----
Dodging        | 2 |  2.5
Spellcasting   | 3 |  3.1
Conjurations   | 5 |  5.3
Fighting       | |  0.3
Stealth        | |  1.9

Action                   |  1- 3 |  4- 6 || total
-------------------------+-------+-------++-------
Melee: Dagger            |    46 |     5 ||    51
       Tailslap          |     2 |     3 ||     5
 Cast: Magic Dart        |   100 |    32 ||   132
  Use: Scroll            |     1 |       ||     1
       Potion            |       |     8 ||     8
Armor: Skin              |    31 |    10 ||    41
Dodge: Dodged            |    86 |    26 ||   112
